 Dungeon Crawl Stone Soup version 0.31-a0-204-g7da18cac08 (webtiles) character file.

Game seed: 6898626760276017959

450 qw the Skirmisher (level 6, -6/35 HPs)
             Began as a Deep Elf Hunter on June 27, 2023.
             Splashed by a jelly's acid (8 damage)
             ... on level 5 of the Dungeon.
             The game lasted 00:01:14 (3423 turns).

qw the Skirmisher (Deep Elf Hunter)                 Turns: 3423, Time: 00:01:14

Health: -6/35      AC:  2    Str: 10    XL:     6   Next: 74%
Magic:  8/8        EV: 11    Int: 14    God:
Gold:   115        SH:  0    Dex: 18    Spells: 5/5 levels left

rFire   . . .        Y - +0 shortbow
rCold   . . .        (shield currently unavailable)
rNeg    . . .        l - +0 ring mail
rPois   .            (no helmet)
rElec   .            (no cloak)
rCorr   .            d - +0 pair of gloves
SInv    +            (no boots)
Will    .....        j - amulet of regeneration
Stlth   +            g - ring of see invisible
HPRegen 1.05/turn    (no ring)
MPRegen 0.11/turn

%: no passive effects
@: corroded
A: claws 1, MP-powered wands
a: no special abilities


You were on level 5 of the Dungeon.
You visited 1 branch of the dungeon, and saw 5 of its levels.

You collected 255 gold pieces.
You spent 140 gold pieces at shops.


Innate Abilities, Weirdness & Mutations

You have sharp fingernails.
You expend magic power (3 MP) to strengthen your wands.


   Skills:
 - Level 2.1 Fighting
 - Level 10.1 Ranged Weapons
 + Level 0.0 Armour
 - Level 3.4 Dodging
 - Level 1.2 Stealth


You had 5 spell levels left.
You didn't know any spells.
Your spell library was empty.

Inventory:

Hand Weapons
 Y - a +0 shortbow (weapon)
Armour
 d - a +0 pair of gloves (worn)
 l - a +0 ring mail (worn)
Jewellery
 g - a ring of see invisible (left hand)
 j - an amulet of regeneration (around neck)
Scrolls
 h - a scroll of identify
 k - 4 scrolls of teleportation
Potions
 a - 2 potions of heal wounds
 b - a potion of mutation
 c - a potion of magic {unknown}
 f - a potion of enlightenment

Dungeon Overview and Level Annotations

Branches:
Dungeon (5/15)
 Temple: D:4-7

Altars:

Shops:
D:3 :?*


Message History

The phantom misses you.
You shoot an arrow. The arrow barely misses the phantom.
The phantom hits you.
You shoot an arrow. The arrow closely misses the phantom.
The phantom misses you.
You shoot an arrow. The arrow barely misses the phantom.
The phantom hits you.
The phantom blinks!
You blink.
Enter note: You shoot an arrow.
The arrow hits the phantom but does no damage.
The phantom is lightly damaged.
The phantom hits you.
You shoot an arrow. The arrow closely misses the phantom.
The phantom hits you.
You shoot an arrow. The arrow closely misses the phantom.
The phantom hits you but does no damage.
You shoot an arrow.
The arrow hits the phantom but does no damage.
The phantom is lightly damaged.
The jelly closely misses you.
The phantom hits you but does no damage.
You shoot an arrow. The arrow barely misses the phantom.
The jelly barely misses you. The phantom closely misses you.
The orc misses you.
You shoot an arrow. The arrow barely misses the phantom.
The orc hits you with a +0 hand axe. The jelly hits you but does no damage.
The phantom hits you but does no damage.
You shoot an arrow. The arrow hits the phantom.
The phantom is moderately damaged.
The jelly hits you but does no damage.
The phantom hits you but does no damage.
The orc barely misses you.
You shoot an arrow.
The arrow hits the phantom but does no damage.
The phantom is moderately damaged.
The jelly hits you. The acid corrodes you!
You are splashed with acid.
The orc closely misses you. The phantom barely misses you.
You shoot an arrow. The arrow barely misses the phantom.
The orc hits you with a +0 hand axe! The jelly hits you.
You are splashed with acid!
You die...

##### ...# #..#### ###
#..##.## ##.##
#..#####W.#...###.#.####
.......@................
#......Jo.#...###.#.####
#........###.## ##.##...
#..#####.# #.# ####.##
#.. ..# #.# #.#
.....###.###+# #.##
#........##...## #.##
####.#####.....## #...
##.......## ##.#


You could see a phantom, a jelly and an orc.

Vanquished Creatures
  A phantom (D:4)
  A sleepcap (D:4)
  An orc priest (D:3)
  An iguana (D:4)
  Natasha (thrice) (D:3)
  3 orc wizards
  3 adders
  3 gnolls (D:3)
  An adder skeleton (D:2)
  2 worms (D:2)
  4 dart slugs
  8 orcs
  3 bats
  3 endoplasms
  3 giant cockroaches
  6 goblins
  6 hobgoblins
  3 kobolds
  5 quokkas
  5 ball pythons
  A ball python skeleton (D:2)
  5 frilled lizards
  3 rats
74 creatures vanquished.

Notes
Turn   | Place    | Note
-------+----------+-------------------------------------------
     0 | D:1      | qw the Deep Elf Hunter began the quest for the Orb.
     0 | D:1      | Reached XP level 1. HP: 12/12 MP: 3/3
     0 | D:1      | 0 ||| qw: Version: 0.3-a-22-g0ed2b0b
     0 | D:1      | 0 ||| qw: Game counter: 6417
     0 | D:1      | 0 ||| qw: Melee chars always use a shield: true
     0 | D:1      | 0 ||| qw: God list: Okawaru
     0 | D:1      | 0 ||| qw: Allow faded altars: false
     0 | D:1      | 0 ||| qw: Do Orc after clearing Dungeon:15 true
     0 | D:1      | 0 ||| qw: Do second Lair branch before Depths: true
     0 | D:1      | 0 ||| qw: Lair rune preference: random
     0 | D:1      | 0 ||| qw: Goals: Normal
     0 | D:1      | 0 ||| PLANNING D:1-11
   269 | D:1      | Reached XP level 2. HP: 16/16 MP: 4/4
   272 | D:1      | Reached skill level 6 in Ranged Weapons
   695 | D:1      | 695 ||| UPGRADING to +0 pair of gloves.
   700 | D:1      | 700 ||| READING scroll labelled LADODEASUA.
   701 | D:1      | 701 ||| READING scroll labelled NAQARAPHOJU.
   802 | D:1      | 802 ||| READING scroll labelled QUITRI UWUMIES.
   807 | D:1      | 807 ||| DROPPING scroll of butterflies.
   949 | D:2      | Reached XP level 3. HP: 20/20 MP: 5/5
  1068 | D:2      | Reached skill level 7 in Ranged Weapons
  1407 | D:2      | Reached XP level 4. HP: 23/25 MP: 6/6
  1529 | D:2      | 1529 ||| UPGRADING to amulet of guardian spirit.
  1534 | D:2      | 1534 ||| UPGRADING to ring of see invisible.
  1535 | D:2      | 1535 ||| READING 2 scrolls labelled GUXTAG GOPLIGGO.
  1536 | D:2      | 1536 ||| READING scroll labelled YKKACSACUT.
  1537 | D:2      | 1537 ||| READING scroll labelled ETHETE ORATZ.
  1538 | D:2      | 1538 ||| DRINKING 3 lumpy golden potions.
  1539 | D:2      | 1539 ||| DROPPING scroll of fog.
  1554 | D:3      | 1554 ||| Stepping ~*~*~tactically~*~*~ (outnumbered).
  1556 | D:3      | 1556 ||| Stepping ~*~*~tactically~*~*~ (outnumbered).
  1576 | D:3      | HP: 5/25 [orc wizard/magic dart (3)]
  1577 | D:3      | 1577 ||| DRINKING 2 potions of heal wounds.
  1583 | D:3      | Reached skill level 8 in Ranged Weapons
  1755 | D:3      | Found Murheqeuff's Assorted Antiques.
  1764 | D:3      | 1764 ||| BUYING 2 lumpy cyan potions (36 gold).
  1764 | D:3      | Bought 2 lumpy cyan potions for 36 gold pieces
  1764 | D:3      | 1764 ||| BUYING forked iron wand (80 gold).
  1764 | D:3      | Bought a forked iron wand for 80 gold pieces
  1764 | D:3      | 1764 ||| SHOPLISTING scale mail (80 gold, have 20).
  1764 | D:3      | 1764 ||| SHOPLISTING scroll of identify (40 gold, have 20).
  1764 | D:3      | 1764 ||| SHOPLISTING scroll of teleportation (60 gold, have
                  | 20).
  1764 | D:3      | 1764 ||| SHOPLISTING tapered copper wand (80 gold, have
                  | 20).
  1868 | D:3      | Reached XP level 5. HP: 29/29 MP: 7/7
  1985 | D:3      | Noticed Natasha
  1992 | D:3      | Killed Natasha
  2072 | D:3      | Noticed Natasha
  2079 | D:3      | Killed Natasha
  2080 | D:3      | Reached skill level 9 in Ranged Weapons
  2088 | D:3      | Noticed Natasha
  2091 | D:3      | Killed Natasha
  2092 | D:3      | Reached skill level 3 in Dodging
  2201 | D:3      | Found Vuth's Book Shoppe.
  2247 | D:3      | Found Doykiwij's Magic Scroll Boutique.
  2254 | D:3      | 2254 ||| SHOPLISTING scroll of brand weapon (114 gold, have
                  | 49).
  2254 | D:3      | 2254 ||| SHOPLISTING scroll of enchant armour (90 gold,
                  | have 49).
  2254 | D:3      | 2254 ||| SHOPLISTING scroll of enchant weapon (90 gold,
                  | have 49).
  2254 | D:3      | 2254 ||| BUYING scroll of identify (24 gold).
  2254 | D:3      | Bought a scroll of identify for 24 gold pieces
  2395 | D:3      | 2395 ||| UPGRADING to amulet of regeneration.
  2405 | D:3      | 2405 ||| DROPPING amulet of guardian spirit.
  2406 | D:3      | 2406 ||| READING scroll labelled ISAULO EPO QOMM.
  2407 | D:3      | 2407 ||| DRINKING 2 lumpy cyan potions.
  2407 | D:3      | Gained mutation: You have sharp fingernails. [potion of
                  | mutation]
  2407 | D:3      | Gained mutation: You expend magic power (3 MP) to
                  | strengthen your wands. [potion of mutation]
  2408 | D:3      | 2408 ||| DRINKING 2 sedimented black potions.
  2513 | D:3      | 2513 ||| DROPPING wand of charming (9).
  2514 | D:3      | 2514 ||| DROPPING potion of berserk rage.
  2591 | D:4      | Reached XP level 6. HP: 35/35 MP: 8/8
  2948 | D:4      | Reached skill level 10 in Ranged Weapons
  3264 | D:4      | 3264 ||| UPGRADING to +0 scale mail.
  3274 | D:4      | 3274 ||| DROPPING +0 leather armour.
  3275 | D:4      | 3275 ||| UPGRADING to +0 ring mail.
  3285 | D:4      | 3285 ||| DROPPING +0 scale mail.
  3286 | D:4      | 3286 ||| DRINKING 2 brown potions.
  3287 | D:4      | 3287 ||| READING 2 scrolls of identify.
  3287 | D:4      | 3287 ||| IDENTIFYING fuming emerald potion
  3288 | D:4      | 3288 ||| DROPPING potion of lignification.
  3293 | D:5      | Entered Level 5 of the Dungeon
  3423 | D:5      | HP: 3/35 [orc/+0 hand axe (7)]
  3423 | D:5      | Splashed by a jelly's acid

Levels and vault maps discovered:
D:1:      noname_arrival_rooms_in_the_neighbourhood, layout_basic
D:2:      layout_loops_ring, serial_undead, serial_undead_b, serial_undead_f,
          serial_undead_c, serial_undead_a
D:3:      layout_loops_ring, serial_shops, shop, shop,
          nicolae_shop_rolling_square, uniq_natasha
D:4:      layout_loops_cross
D:5:      layout_loops_corners, hangedman_abyss_or_decor_stabs, chequers_jeans,
          uniq_crazy_yiuf_cottage

Skill      XL: |  1  2  3  4  5  6 |
---------------+-------------------+-----
Ranged Weapons | 6 7 8 9 10 | 10.1
Dodging        | 3 |  3.4
Fighting       | 2 |  2.1
Stealth        | |  1.2

Action                     |  1- 3 |  4- 6 || total
---------------------------+-------+-------++-------
   Fire: Shortbow          |   104 |   172 ||   276
    Use: Scroll            |     3 |     5 ||     8
         Potion            |       |     5 ||     5
 Armour: Leather armour    |     9 |    23 ||    32
         Ring mail         |       |     8 ||     8
  Dodge: Dodged            |    18 |    55 ||    73

Table legend:
 A = Non-vault XP
 B = Vault XP
 C = Vault XP percentage of total XP
 D = Non-vault monster count
 E = Vault monster count
 F = Vault count percentage of total count
                 A         B        C        D         E       F
            +---------+---------+-------+---------+---------+-------
      Total |     603 |      41 |   6.4 |      71 |       3 |   4.1
            +---------+---------+-------+---------+---------+-------
        D:1 |      33 |       0 |   0.0 |      17 |       0 |   0.0
        D:2 |      62 |       6 |   8.8 |      19 |       2 |   9.5
        D:3 |     215 |      35 |  14.0 |      20 |       1 |   4.8
        D:4 |     293 |       0 |   0.0 |      15 |       0 |   0.0
            +---------+---------+-------+---------+---------+-------
